[Event "ICC tourney 2545 (5 3)"]
[Site "Internet Chess Club"]
[Date "2021.04.11"]
[Round "7"]
[White "KingsizePawn"]
[Black "justlucky"]
[Result "1-0"]
[ICCResult "Black forfeits on time"]
[WhiteElo "1634"]
[BlackElo "1274"]
[Opening "Caro-Kann: Panov-Botvinnik attack"]
[ECO "B13"]
[NIC "CK.02"]
[Time "16:40:17"]
[TimeControl "300+3"]

1. e4 c6 2. d4 d5 3. exd5 cxd5 4. c4 Bf5 5. Nc3 e6 6. Nf3 Nc6 7. Qb3 Rb8 8.
cxd5 exd5 9. Bf4 Bd6 10. Bxd6 Qxd6 11. Qxd5 Qe7+ 12. Be2 Be6 13. Qg5 Nf6 14.
O-O-O O-O 15. Ne5 Nd5 16. Qxe7 Ndxe7 17. Kb1 Rbd8 18. Nxc6 bxc6 19. Bf3 Nd5
20. Bxd5 cxd5 21. Rhe1 Bf5+ 22. Ka1 Be6 23. Re3 Rb8 24. Rde1 Rb4 25. Rd1
Rfb8 26. Rd2 h6 27. h3 Kh7 28. g4 R8b7 29. f4 g6 30. f5 gxf5 31. gxf5 Bxf5
32. Nxd5 R4b5 33. Nc3 Ra5 34. d5 Bd7 35. h4 Rb4 36. a3 Rxh4 37. Re7 Rh1+ 38.
Ka2 Be6 39. dxe6 Re1 40. exf7 Rxe7 41. f8=Q {Black forfeits on time} 1-0

[Event "ICC tourney 2545 (5 3)"]
[Site "Internet Chess Club"]
[Date "2021.04.11"]
[Round "7"]
[White "Maher1278"]
[Black "Onandov"]
[Result "0-1"]
[ICCResult "White checkmated"]
[WhiteElo "1352"]
[BlackElo "1639"]
[Opening "Scandinavian (center counter) defense"]
[ECO "B01"]
[NIC "VO.17"]
[Time "16:41:15"]
[TimeControl "300+3"]

1. e4 d5 2. Qf3 dxe4 3. Qxe4 Nf6 4. Qf3 c6 5. Bc4 Nbd7 6. d3 Ne5 7. Qg3 Nxc4
8. Nf3 Nd6 9. O-O Bf5 10. Nc3 e6 11. Ng5 Be7 12. a4 Nh5 13. Qe3 Bxg5 14.
Qxg5 Qxg5 15. Bxg5 h6 16. Be3 O-O 17. h3 Nf6 18. g4 Bg6 19. f4 Nd5 20. Bc5
Rfd8 21. h4 b6 22. Bd4 c5 23. Be5 Ne3 24. g5 Nxc2 25. Rac1 Nb4 26. gxh6 gxh6
27. Rcd1 Kh7 28. d4 Nf5 29. dxc5 bxc5 30. Rxd8 Rxd8 31. Nb5 a6 32. Na7 Rd2
33. Rc1 Nd3 34. Rb1 Nxh4 35. b3 Nxe5 36. Nc8 Bxb1 37. Nd6 Rxd6 38. a5 Nd3
39. b4 cxb4 40. Kh2 Nxf4 41. Kg3 Nhg6 42. Kg4 f5+ 43. Kf3 Rd3+ 44. Kf2 b3
45. Ke1 b2 46. Kf2 Bc2 47. Ke1 b1=Q+ 48. Kf2 Nh3+ 49. Kg2 Ngf4+ 50. Kh2 Qg1#
{White checkmated}
0-1

[Event "ICC tourney 2545 (5 3)"]
[Site "Internet Chess Club"]
[Date "2021.04.11"]
[Round "7"]
[White "Casopis"]
[Black "Neukoelln"]
[Result "0-1"]
[ICCResult "White resigns"]
[WhiteElo "1620"]
[BlackElo "1639"]
[Opening "Sicilian: Kan, Maróczy bind (Réti variation)"]
[ECO "B41"]
[NIC "SI.41"]
[Time "16:41:35"]
[TimeControl "300+3"]

1. e4 c5 2. Nf3 e6 3. d4 cxd4 4. Nxd4 a6 5. c4 b6 6. Nc3 Bb7 7. Be2 Qc7 8.
O-O Nf6 9. f3 Be7 10. Be3 d6 11. Qd2 Nbd7 12. a3 Ne5 13. b3 O-O 14. Rac1
Rac8 15. h3 Qb8 16. f4 Ned7 17. Bf3 Nc5 18. e5 dxe5 19. Bxb7 Nxb7 20. fxe5
Qxe5 21. Bf4 Qxd4+ 22. Qxd4 Bc5 23. Qxc5 Nxc5 24. Rb1 Nd3 25. Bg5 Nd7 26.
Rbd1 N7c5 27. b4 Nb2 28. Rd6 Nb7 29. Rxb6 Nd8 30. c5 Nc6 31. Rxa6 f6 32. Bf4
e5 33. Be3 Rfd8 34. Ne4 Nc4 35. Bf2 Nd4 36. Bxd4 exd4 37. Rc1 Ne5 38. b5 d3
39. c6 d2 40. Nxd2 Rxd2 41. b6 Rxc6 42. Rxc6 Nxc6 43. b7 Rb2 44. Rxc6 Rxb7
45. Ra6 Rb1+ 46. Kh2 Ra1 47. a4 h5 48. Ra7 Kh7 49. a5 Kg6 50. a6 h4 51. Ra8
Ra2 52. a7 Ra3 53. Kg1 Ra2 54. Kf1 Kg5 55. Ke1 Kf4 56. Kd1 g5 57. Kc1 Kg3
58. Kb1 Ra6 59. Rf8 Rxa7 60. Rxf6 Kxg2 61. Rf5 Rg7 62. Kc2 Kxh3 63. Kd2 Kg4
64. Rf1 Re7 65. Rg1+ Kh5 66. Ra1 h3 67. Ra4 g4 68. Ra8 Kh4 69. Ra3 h2 70.
Ra1 g3 71. Ra8 Kh3 72. Ra1 Kg2 {White resigns} 0-1

[Event "ICC tourney 2545 (5 3)"]
[Site "Internet Chess Club"]
[Date "2021.04.11"]
[Round "7"]
[White "CCAadminDave"]
[Black "SuperPuzzler"]
[Result "0-1"]
[ICCResult "White resigns"]
[WhiteElo "1605"]
[BlackElo "1847"]
[Opening "Two knights defense"]
[ECO "C56"]
[NIC "KP.02"]
[Time "16:40:26"]
[TimeControl "300+3"]

1. e4 e5 2. Nf3 Nc6 3. d4 exd4 4. Bc4 Nf6 5. O-O Nxe4 6. Re1 d5 7. Bxd5 Qxd5
8. Nc3 Qd8 9. Rxe4+ Be6 10. Nxd4 Nxd4 11. Rxd4 Qf6 12. Ne4 Qe5 13. Bg5 f6
14. Bh4 Be7 15. Bg3 Qa5 16. c3 O-O 17. b4 Qb6 18. a4 a5 19. b5 Rad8 20. Rc1
Kh8 21. Qd3 f5 22. Nd2 Bf6 23. Rxd8 Rxd8 24. Qe2 Bf7 25. c4 Bg5 26. Rc2 Re8
27. Qf1 f4 28. h4 fxg3 29. hxg5 Bg6 30. Rc1 Rf8 31. Nf3 gxf2+ 32. Qxf2 Qe6
33. Qc5 Rc8 34. Re1 Qd7 35. Ne5 Qe6 36. Qf2 h6 37. gxh6 gxh6 38. Qh4 Bf5 39.
g4 Rg8 40. Kf2 Bc2 41. Nf3 Qd6 42. Re2 Bh7 43. Rd2 Qc5+ 44. Kg3 Qf8 45. g5
Qg7 46. Qxh6 Qxh6 {White resigns} 0-1

[Event "ICC tourney 2545 (5 3)"]
[Site "Internet Chess Club"]
[Date "2021.04.11"]
[Round "7"]
[White "chessplanet"]
[Black "saisiva765"]
[Result "0-1"]
[ICCResult "White resigns"]
[WhiteElo "1705"]
[BlackElo "1817"]
[Opening "QGD: exchange, positional line"]
[ECO "D35"]
[NIC "QO.16"]
[Time "16:40:12"]
[TimeControl "300+3"]

1. d4 d5 2. c4 e6 3. Nc3 Nf6 4. cxd5 exd5 5. Bg5 Bb4 6. e3 O-O 7. Bd3 h6 8.
Bh4 c6 9. Ne2 Nbd7 10. O-O Bd6 11. Bg3 Qc7 12. Rc1 Bxg3 13. Nxg3 Re8 14. b4
a6 15. a4 Qd6 16. b5 axb5 17. axb5 Nb6 18. bxc6 bxc6 19. Qb3 Nc4 20. Bxc4
dxc4 21. Qc2 Ba6 22. Rb1 Nd5 23. Nge2 Nb4 24. Qd2 Nd3 25. Nc1 c5 26. d5 Re5
27. f4 Rxd5 28. Nxd5 Qxd5 29. Ra1 Bb7 30. Rxa8+ Bxa8 31. Na2 Bc6 32. Nc3 Qd7
33. Ra1 Qg4 34. Qe2 Qg6 35. Rf1 Kh7 36. e4 Qf6 37. e5 Qf5 38. Qe3 h5 39. Qg3
g6 40. Ne2 Qe4 41. Qf3 Qxf3 42. gxf3 h4 43. Kg2 g5 44. fxg5 Nxe5 45. Nc3 Kg6
46. Ne4 Kf5 47. Re1 Nd3 48. Nd6+ Kxg5 49. Re7 Bd5 50. Nb5 Kf4 51. Nc3 Bxf3+
52. Kf1 f5 53. Rh7 Kg4 54. Rg7+ Kf4 55. Rh7 Ke3 56. Rxh4 Be4 57. Rh8 Kd2 58.
Ne2 c3 59. h4 c2 60. Ra8 Bxa8 {White resigns} 0-1

[Event "ICC tourney 2545 (5 3)"]
[Site "Internet Chess Club"]
[Date "2021.04.11"]
[Round "7"]
[White "pkramkumar"]
[Black "romasru"]
[Result "0-1"]
[ICCResult "White checkmated"]
[WhiteElo "1444"]
[BlackElo "1303"]
[Opening "Réti opening"]
[ECO "A04"]
[NIC "QP.11"]
[Time "16:41:08"]
[TimeControl "300+3"]

1. Nf3 c6 2. b3 d5 3. Bb2 Nf6 4. g3 Bg4 5. Bg2 e6 6. Ne5 Bf5 7. O-O Nbd7 8.
c4 Nxe5 9. Bxe5 h5 10. h3 Bb4 11. d3 O-O 12. Nd2 Qa5 13. Nf3 Bc3 14. Bxc3
Qxc3 15. Rc1 Qb4 16. Qc2 a5 17. Ra1 a4 18. bxa4 Qxa4 19. Qc3 dxc4 20. dxc4
Ne4 21. Qc1 Rfd8 22. Nh4 Nd2 23. Rd1 Nxc4 24. Rxd8+ Rxd8 25. Nxf5 exf5 26.
Qg5 Rd1+ 27. Rxd1 Qxd1+ 28. Kh2 Qxe2 29. Qxf5 g6 30. Qf6 Qxa2 31. Qd8+ Kg7
32. Qd4+ Kh7 33. Be4 Na5 34. Kg2 Qe6 35. f4 b5 36. Qd3 Qa2+ 37. Kf3 Qa1 38.
f5 g5 39. f6+ Kh6 40. Qd8 Qf1+ 41. Ke3 Nc4+ 42. Kd4 Qf2+ 43. Kc3 Qb2+ 44.
Kd3 Qd2# {White checkmated} 0-1

[Event "ICC tourney 2545 (5 3)"]
[Site "Internet Chess Club"]
[Date "2021.04.11"]
[Round "7"]
[White "jmpe"]
[Black "cornfed"]
[Result "1-0"]
[ICCResult "Black resigns"]
[WhiteElo "1631"]
[BlackElo "1797"]
[Opening "English: Anglo-Dutch defense"]
[ECO "A10"]
[NIC "HD.14"]
[Time "16:41:11"]
[TimeControl "300+3"]

1. c4 f5 2. Nc3 e5 3. d3 Bb4 4. Bd2 Nf6 5. Qb3 Nc6 6. Nf3 O-O 7. Nxe5 Nxe5
8. Qxb4 Qe8 9. O-O-O a5 10. Qb3 d6 11. g3 Nfg4 12. Be1 a4 13. Qc2 Bd7 14.
Bg2 Rb8 15. h3 Nf6 16. Nd5 Nxd5 17. Bxd5+ Kh8 18. Bc3 c6 19. Bg2 b5 20. f4
b4 21. Bxe5 dxe5 22. e4 b3 23. Qc3 bxa2 24. Qa3 Qe7 25. Qxa2 Qb4 26. fxe5
Be6 27. Qa3 Qb6 28. c5 Qa5 29. Qc3 Qb5 30. Rhf1 Bb3 31. Rd2 a3 32. bxa3 Ba4
33. Rb2 Qa6 34. Rxb8 Rxb8 35. Rxf5 Rd8 36. Bf1 h6 37. e6 Qa7 38. Rf7 Qxf7
39. exf7 Rf8 40. Qc4 Bb5 41. Qe6 g6 42. Qe8 Kg7 43. Qe5+ Kh7 44. Qf6 Ba4 45.
e5 Bb3 46. e6 Bd5 47. d4 Bb3 48. Bd3 Rxf7 49. Qxg6+ {Black resigns} 1-0

[Event "ICC tourney 2545 (5 3)"]
[Site "Internet Chess Club"]
[Date "2021.04.11"]
[Round "7"]
[White "tmrs"]
[Black "TjkTiger"]
[Result "0-1"]
[ICCResult "White checkmated"]
[WhiteElo "1660"]
[BlackElo "2316"]
[Opening "Sicilian: accelerated fianchetto, Maróczy bind, 6.Be3"]
[ECO "B38"]
[NIC "QP.10"]
[Time "16:40:44"]
[TimeControl "300+3"]

1. Nf3 c5 2. c4 g6 3. d4 cxd4 4. Nxd4 Bg7 5. e4 Nc6 6. Be3 Qb6 7. Nb5 Qa5+
8. N5c3 d6 9. Be2 Qb4 10. Qd2 Nf6 11. a3 Qa5 12. O-O O-O 13. f3 Be6 14. Rd1
Rfc8 15. b3 Nd7 16. Ra2 Qd8 17. Nd5 Bxd5 18. exd5 Na5 19. Qd3 Ne5 20. Qc2 b5
21. f4 Nd7 22. a4 bxc4 23. b4 Nb7 24. a5 Nf6 25. a6 Qd7 26. axb7 Qxb7 27.
Nc3 Nd7 28. b5 a6 29. b6 Rab8 30. Rb1 Rc5 31. Bxc5 Nxc5 32. Bxc4 Qc8 33. Ne4
Bd4+ 34. Kh1 Nd7 35. Rxa6 Nxb6 36. Bd3 Qd8 37. Qc6 Rc8 38. Qb5 Nd7 39. Ra2
h6 40. Qa4 Bg7 41. Qd1 f5 42. Ng3 Qf8 43. Qe2 Nc5 44. Re1 Bf6 45. Bb5 Rb8
46. Bc6 Kg7 47. Qc2 Qc8 48. Rb1 h5 49. Rxb8 Qxb8 50. Ra8 Qb4 51. h3 Qxf4 52.
Kh2 h4 53. Kh1 Qxg3 54. Qe2 Be5 55. Kg1 Ne4 56. Re8 Bd4+ 57. Kh1 Nf2+ 58.
Kg1 Ng4+ 59. Kh1 Qh2# {White checkmated} 0-1

[Event "ICC tourney 2545 (5 3)"]
[Site "Internet Chess Club"]
[Date "2021.04.11"]
[Round "7"]
[White "CKGhosh"]
[Black "jfk2014"]
[Result "1-0"]
[ICCResult "Black resigns"]
[WhiteElo "1877"]
[BlackElo "2054"]
[Opening "Caro-Kann: two knights, 3...Bg4"]
[ECO "B10"]
[NIC "CK.01"]
[Time "16:40:55"]
[TimeControl "300+3"]

1. e4 c6 2. Nf3 d5 3. Nc3 Bg4 4. d4 dxe4 5. Nxe4 Bxf3 6. gxf3 g6 7. Bc4 Bg7
8. c3 Qb6 9. h4 Nf6 10. Qe2 O-O 11. Nxf6+ exf6 12. h5 Nd7 13. hxg6 hxg6 14.
Be3 Rae8 15. O-O-O Qa5 16. Qf1 f5 17. Qh3 Nf6 18. Qg3 Nd5 19. Bh6 Qc7 20.
Qxc7 Nxc7 21. Bf4 Rc8 22. Rde1 Rfe8 23. Rxe8+ Nxe8 24. Re1 Kf8 25. d5 cxd5
26. Bxd5 b6 27. Bb7 Rd8 28. Bc6 Nd6 29. Bxd6+ Kg8 30. Be7 Rc8 31. Bd5 Bh6+
32. Kc2 Re8 33. c4 Bg5 34. Bb4 Rc8 35. Rg1 Bh6 36. Rxg6+ Kh7 37. Rg1
{Black resigns}
1-0

[Event "ICC tourney 2545 (5 3)"]
[Site "Internet Chess Club"]
[Date "2021.04.11"]
[Round "7"]
[White "Bob73"]
[Black "Morad-Magdy"]
[Result "1/2-1/2"]
[ICCResult "Game drawn by mutual agreement"]
[WhiteElo "1728"]
[BlackElo "1913"]
[Opening "Sicilian: Kan, 5.Bd3"]
[ECO "B42"]
[NIC "SI.42"]
[Time "16:40:16"]
[TimeControl "300+3"]

1. e4 c5 2. Ne2 e6 3. d4 cxd4 4. Nxd4 a6 5. Bd3 Nf6 6. c4 d6 7. O-O Be7 8.
Nc3 O-O 9. b3 Nbd7 10. Bb2 Qc7 11. Rc1 b6 12. Kh1 Bb7 13. f4 Rad8 14. Qe2
Qb8 15. Rce1 Nc5 16. Bb1 d5 17. cxd5 exd5 18. Nf5 Rfe8 19. Nxd5 Nxd5 20.
exd5 Bf6 21. Qc2 Rxe1 22. Rxe1 Qxf4 23. Ne7+ Kf8 24. Qxh7 Ne4 25. Bxe4 Bxb2
26. Nf5 g6 27. Nh6 Be5 28. Qg8+ Ke7 29. d6+ Rxd6 30. Qxf7+ Qxf7 31. Nxf7
Bxe4 32. Nxe5 Kf6 33. Ng4+ Kg5 34. h4+ Kxg4 35. Rxe4+ Kg3 36. Re3+ Kxh4 37.
Kh2 Kg4 38. Rc3 Kf4 39. a4 Ke4 40. Kg3 Kd4 41. Rf3 Kc5 42. Kg4 Rd5 43. Rf4
b5 44. axb5 axb5 45. b4+ Kd6 46. Rf6+ Ke5 47. Rxg6 Rd4+ 48. Kh5 Rxb4 49. g4
Rb1 50. Rb6 b4 51. g5 b3 52. Kg6 b2 53. Kg7 Rg1 54. Rxb2 Rxg5+ 55. Kf7 Rf5+
56. Ke7 {Game drawn by mutual agreement} 1/2-1/2

[Event "ICC tourney 2545 (5 3)"]
[Site "Internet Chess Club"]
[Date "2021.04.11"]
[Round "7"]
[White "drskodeh"]
[Black "TheGMnexttou"]
[Result "1-0"]
[ICCResult "Black forfeits on time"]
[WhiteElo "1468"]
[BlackElo "1347"]
[Opening "English: Sicilian reversed"]
[ECO "A25"]
[NIC "EO.20"]
[Time "16:41:35"]
[TimeControl "300+3"]

1. c4 e5 2. Nc3 Nc6 3. g3 Nf6 4. Bg2 Bd6 5. e4 Nd4 6. Nge2 Bc5 7. O-O Nc6 8.
h3 O-O 9. a3 a5 10. d3 Bd4 11. Bg5 d6 12. Kh2 h6 13. Bxf6 Qxf6 14. Nd5 Qd8
15. Rb1 Be6 16. b4 axb4 17. axb4 Ne7 18. Nxd4 exd4 19. Nf4 Bd7 20. Ne2 Ba4
21. Qc1 Nc6 22. b5 Ne5 23. Qd2 c5 24. bxc6 bxc6 25. f4 Nd7 26. Nxd4 Nc5 27.
e5 dxe5 28. Nxc6 Bxc6 29. Bxc6 Ra3 30. Bd5 Rxd3 31. Qb4 Na6 32. Qb7 Nc5 33.
Qc6 Ne6 34. Bxe6 fxe6 35. Qxe6+ Kh8 36. Qxe5 Rd2+ 37. Kg1 Qd4+ 38. Qxd4 Rxd4
39. Rbc1 Rc8 40. c5 Rc6 41. Rc3 Rd2 42. Rfc1 Kg8 43. R3c2
{Black forfeits on time}
1-0

[Event "ICC tourney 2545 (5 3)"]
[Site "Internet Chess Club"]
[Date "2021.04.11"]
[Round "7"]
[White "MohanadWael"]
[Black "HorseHead"]
[Result "0-1"]
[ICCResult "White forfeits on time"]
[WhiteElo "1162"]
[BlackElo "1301"]
[Opening "Philidor's defense"]
[ECO "C41"]
[NIC "KP.10"]
[Time "16:41:21"]
[TimeControl "300+3"]

1. e4 e5 2. Nf3 d6 3. Bc4 h6 4. g3 Be6 5. d3 Bxc4 6. dxc4 Nf6 7. Nh4 Be7 8.
Qf3 O-O 9. Nf5 Nbd7 10. g4 d5 11. exd5 e4 12. Qh3 Nh7 13. Bxh6 gxh6 14. Qxh6
Bf6 15. g5 Be5 16. Rg1 Kh8 17. g6 fxg6 18. Rxg6 Rxf5 19. Rg4 Qf8 20. Qe6 Nc5
21. Qg6 Rf6 22. Qh5 Re8 23. Rh4 Re7 24. Na3 e3 25. f3 Bxb2 26. Rd1 e2 27.
Rd3 Rg7 28. Kxe2 Qe7+ 29. Kf2 Be5 30. Rg4 Nxd3+ 31. Ke3 Nf4 32. Qh4 Bd4+ 33.
Kxd4 Ng6 {White forfeits on time} 0-1

[Event "ICC tourney 2545 (5 3)"]
[Site "Internet Chess Club"]
[Date "2021.04.11"]
[Round "7"]
[White "kdbel"]
[Black "fishmaster"]
[Result "0-1"]
[ICCResult "White forfeits on time"]
[WhiteElo "1569"]
[BlackElo "2030"]
[Opening "Ruy Lopez: open, 8...Be6"]
[ECO "C80"]
[NIC "RL.27"]
[Time "16:40:55"]
[TimeControl "300+3"]

1. e4 e5 2. Nf3 Nc6 3. Bb5 a6 4. Ba4 Nf6 5. O-O Nxe4 6. d4 b5 7. Bb3 d5 8.
dxe5 Be6 9. a4 Nc5 10. Nbd2 Be7 11. axb5 Nxb3 12. Nxb3 axb5 13. Rxa8 Qxa8
14. c3 O-O 15. Nbd4 Nxd4 16. cxd4 c5 17. Qb3 Qa4 18. Qxa4 bxa4 19. Bd2 c4
20. Ra1 Ra8 21. Bc3 g5 22. h3 h5 23. Kf1 Kg7 24. Ne1 a3 25. bxa3 Rxa3 26.
Rxa3 Bxa3 27. Nc2 Be7 28. Ne3 Kg6 29. Ke2 g4 30. hxg4 hxg4 31. f3 Kg5 32.
Kf2 gxf3 33. Kxf3 Ba3 34. g3 Bf8 35. Bd2 Kg6 36. Ng4 Ba3 37. Bc3 Bxg4+ 38.
Kxg4 Bc1 39. Kf3 Kf5 40. g4+ Ke6 41. Ke2 Kd7 42. Kd1 Bg5 43. Kc2 Bf4 44. Kd1
Ke8 45. Ke2 Kf8 46. Kf3 Bc1 47. Kg3 Kg7 48. Kf3 Kg6 49. Kg3 Kg5 50. Kf3 Kh4
51. Be1+ Kh3 52. Bc3 Kh2 53. Kf2 Kh1 54. Ke2 Kg2 55. Bd2 Ba3 56. g5 Kg3 57.
Ba5 Kg4 58. Bd8 Kf5 59. Kd2 Bb2 60. Bf6 Bxd4 {White forfeits on time} 0-1

[Event "ICC tourney 2545 (5 3)"]
[Site "Internet Chess Club"]
[Date "2021.04.11"]
[Round "7"]
[White "clydedrexler22"]
[Black "HobbyChess"]
[Result "0-1"]
[ICCResult "White resigns"]
[WhiteElo "1572"]
[BlackElo "2076"]
[Opening "Queen's pawn: London system"]
[ECO "A45"]
[NIC "QP.07"]
[Time "16:40:44"]
[TimeControl "300+3"]

1. d4 Nf6 2. Bf4 d6 3. Nc3 Nbd7 4. Nf3 c5 5. e3 g6 6. h3 Bg7 7. Be2 O-O 8.
O-O a6 9. a4 b6 10. d5 Bb7 11. e4 Ne8 12. Qd2 Nc7 13. Bh6 Rb8 14. Rfd1 Ba8
15. Bxg7 Kxg7 16. g4 b5 17. axb5 axb5 18. h4 b4 19. Nb1 Rb6 20. Qe3 e6 21.
dxe6 fxe6 22. Nbd2 d5 23. exd5 exd5 24. Nb3 Re6 25. Qd2 d4 26. Ng5 Re5 27.
f4 Rd5 28. Bf3 h6 29. Bxd5 Bxd5 30. Nh3 Qxh4 31. Kh2 Nf6 32. Rg1 Nxg4+ 33.
Rxg4 Qxg4 34. Nxc5 Ne6 35. Nxe6+ Bxe6 36. Qxd4+ Kg8 37. Qe3 Qxh3+ 38. Qxh3
Bxh3 39. Kxh3 Rxf4 40. Rc1 Rc4 41. c3 bxc3 42. bxc3 Kg7 43. Kg3 g5 44. Kf3
Kg6 45. Ke3 h5 46. Kd3 Rc8 47. Rb1 g4 48. Rb6+ Kg5 49. Rb5+ Kh4 50. Rb7 g3
51. Rg7 Kh3 52. Rg5 h4 53. c4 Kh2 54. c5 h3 55. Ke2 g2 56. Kf2 Rxc5 57. Rg4
Rf5+ 58. Ke2 g1=Q 59. Rxg1 Kxg1 {White resigns} 0-1

[Event "ICC tourney 2545 (5 3)"]
[Site "Internet Chess Club"]
[Date "2021.04.11"]
[Round "7"]
[White "Visam"]
[Black "Eberhard"]
[Result "1/2-1/2"]
[ICCResult "Game drawn by repetition"]
[WhiteElo "2588"]
[BlackElo "2317"]
[Opening "Réti: King's Indian attack"]
[ECO "A07"]
[NIC "QP.09"]
[Time "16:40:55"]
[TimeControl "300+3"]

1. Nf3 d5 2. g3 g6 3. Bg2 Bg7 4. d4 c6 5. O-O Nf6 6. c4 dxc4 7. Na3 b5 8.
Ne5 Nd5 9. b3 c3 10. Nc2 a5 11. a3 Be6 12. Qd3 Nd7 13. Nxd7 Qxd7 14. e4 Nb6
15. Qxc3 a4 16. b4 Bb3 17. Be3 Nc4 18. e5 Rc8 19. Ne1 Nb6 20. Nd3 Bd5 21.
Nc5 Qf5 22. f3 h5 23. h4 Rc7 24. Kh2 Qc8 25. Bh3 Qd8 26. Bf4 O-O 27. e6 f5
28. Bxc7 Qxc7 29. f4 Rd8 30. Rad1 Nc4 31. Rfe1 Rd6 32. Bg2 Qa7 33. Re2 Bf6
34. Nd7 Bg7 35. Ne5 Rxe6 36. Rde1 Bxe5 37. dxe5 Bxg2 38. Kxg2 c5 39. Qd3 Kf7
40. Rb1 cxb4 41. Rxb4 Qc5 42. Kh2 Qc6 43. Re1 Qc5 44. Re2 Qc6 45. Re1 Qc5
46. Kg2 Rb6 47. Kh2 Re6 {Game drawn by repetition} 1/2-1/2

[Event "ICC tourney 2545 (5 3)"]
[Site "Internet Chess Club"]
[Date "2021.04.11"]
[Round "7"]
[White "Chanakya"]
[Black "aga"]
[Result "1-0"]
[ICCResult "Black forfeits on time"]
[WhiteElo "1781"]
[BlackElo "2002"]
[Opening "Sicilian: closed"]
[ECO "B23"]
[NIC "SI.44"]
[Time "16:41:15"]
[TimeControl "300+3"]

1. e4 c5 2. Nc3 d6 3. f4 Nc6 4. Bb5 Bd7 5. Nf3 g6 6. O-O Bg7 7. d3 e6 8. Be3
Nge7 9. Bf2 O-O 10. a4 a6 11. Bc4 Qc7 12. Qd2 Rab8 13. Bh4 Rfe8 14. g4 Nd4
15. f5 exf5 16. Bxe7 Nxf3+ 17. Rxf3 Rxe7 18. Nd5 Qd8 19. Nxe7+ Qxe7 20. gxf5
gxf5 21. Raf1 Kh8 22. Kh1 Be5 23. c3 Qf6 24. Bd5 f4 25. Rg1 b5 26. axb5 axb5
27. Rf2 b4 28. d4 cxd4 29. cxd4 Bxd4 30. Rxf4 Qe5 31. Rgf1 f5 32. b3 Rc8 33.
Qxb4 Be3 34. Rh4 f4 35. Qb7 Qg7 36. e5 dxe5 37. Be4 h6 38. Qa6 f3 39. Bxf3
Rf8 40. Qe2 Bd4 41. Bg2 Be6 42. Rxf8+ Qxf8 43. Rxd4 {Black forfeits on time}
1-0

[Event "ICC tourney 2545 (5 3)"]
[Site "Internet Chess Club"]
[Date "2021.04.11"]
[Round "7"]
[White "blackjack721"]
[Black "Mapking1"]
[Result "0-1"]
[ICCResult "White checkmated"]
[WhiteElo "1224"]
[BlackElo "1477"]
[Opening "Sicilian: Alapin's variation (2.c3)"]
[ECO "B22"]
[NIC "SI.46"]
[Time "16:40:28"]
[TimeControl "300+3"]

1. e4 c5 2. c3 Nf6 3. f3 d5 4. e5 Nfd7 5. d4 e6 6. Bf4 Nc6 7. Bb5 cxd4 8.
Bxc6 bxc6 9. cxd4 c5 10. Ne2 Qb6 11. Nbc3 cxd4 12. Na4 Qa5+ 13. Kf2 d3 14.
Nec3 Ba6 15. a3 Bc5+ 16. Nxc5 Qxc5+ 17. Kg3 g5 18. Bxg5 Rg8 19. Kh4 Nxe5 20.
Qd2 Qd4+ 21. f4 f6 22. Bxf6 Ng6+ 23. Kh3 Qxf6 24. g3 Ne7 25. Rhe1 d4 26. Ne4
Qf5+ 27. Kg2 Bb7 28. Qxd3 Qxf4 29. Qb5+ Bc6 30. Qh5+ Kd7 31. Qe2 Nf5 32.
Rad1 Ne3+ 33. Qxe3 Qxe3 34. Rxe3 e5 35. Kh3 Bxe4 36. Rxe4 Rge8 37. b4 a5 38.
b5 Kd6 39. a4 Kd5 40. Rh4 Re7 41. Rh6 e4 42. Rh5+ Kc4 43. Rc1+ Kb4 44. Rd5
Kxa4 45. Rxd4+ Kxb5 46. Rb1+ Kc5 47. Ra4 e3 48. Re1 Kb5 49. Rf4 a4 50. Rf3
a3 51. Rfxe3 Rxe3 52. Rxe3 a2 53. Re5+ Kc4 54. Re4+ Kd3 55. Re1 a1=Q 56.
Rxa1 Rxa1 57. Kh4 Ke4 58. g4 Kf4 59. h3 h6 60. Kh5 Rh1 61. h4 Ke5 62. g5
hxg5 63. Kxg5 Rg1+ 64. Kh5 Kf6 65. Kh6 Rh1 66. h5 Kf5 67. Kg7 Rxh5 68. Kf7
Rh7+ 69. Kg8 Ra7 70. Kf8 Ke6 71. Kg8 Kf6 72. Kh8 Kg6 73. Kg8 Ra8#
{White checkmated}
0-1

[Event "ICC tourney 2545 (5 3)"]
[Site "Internet Chess Club"]
[Date "2021.04.11"]
[Round "7"]
[White "Dingsparov"]
[Black "vassily1666"]
[Result "0-1"]
[ICCResult "White resigns"]
[WhiteElo "1573"]
[BlackElo "1671"]
[Opening "Sicilian defense"]
[ECO "B33"]
[NIC "SI.34"]
[Time "16:41:15"]
[TimeControl "300+3"]

1. e4 c5 2. Nf3 Nc6 3. d4 cxd4 4. Nxd4 Nf6 5. Nc3 g6 6. f3 d5 7. Nxc6 bxc6
8. exd5 Nxd5 9. Nxd5 Qxd5 10. Qxd5 cxd5 11. Bb5+ Bd7 12. Bxd7+ Kxd7 13. O-O
Bg7 14. c3 Rhc8 15. Rd1 e6 16. Bf4 Rc4 17. Bg3 Kc6 18. Rd2 d4 19. cxd4 Rxd4
20. Rad1 Rad8 21. Rc2+ Kb5 22. Rxd4 Rxd4 23. Kf2 Rd1 24. Ke2 Rb1 25. b3 Rg1
26. Kd3 Rd1+ 27. Rd2 Rc1 28. Bd6 Bh6 29. f4 Rc6 30. Ke2 g5 31. g3 gxf4 32.
Bxf4 Bxf4 33. gxf4 Rc7 34. Kf3 Kb4 35. Kg4 Kc3 36. Rf2 Kd4 37. h4 Ke3 38.
Rh2 Rc8 39. Rh3+ Ke4 40. Kg5 Rc5+ 41. Kg4 h5+ 42. Kg3 Rc3+ 43. Kg2 Rxh3 44.
Kxh3 Kxf4 45. b4 Kf3 46. a4 e5 47. b5 e4 48. a5 e3 49. b6 axb6 50. a6 e2 51.
a7 e1=Q 52. a8=Q+ Qe4 53. Qa3+ Qe3 54. Qb2 Kf4+ 55. Kh2 Qg3+ 56. Kh1 Qxh4+
57. Kg1 Qg3+ 58. Kf1 Qf3+ 59. Ke1 f5 60. Qd2+ Qe3+ 61. Qxe3+ Kxe3 62. Kf1 f4
63. Kg2 Ke2 64. Kh3 f3 65. Kh4 f2 66. Kxh5 f1=Q {White resigns} 0-1

[Event "ICC tourney 2545 (5 3)"]
[Site "Internet Chess Club"]
[Date "2021.04.11"]
[Round "7"]
[White "Swaggernaut99"]
[Black "Astigmatist"]
[Result "1/2-1/2"]
[ICCResult "Game drawn because neither player has mating material"]
[WhiteElo "1768"]
[BlackElo "1789"]
[Opening "Scandinavian defense"]
[ECO "B01"]
[NIC "SD.03"]
[Time "16:40:55"]
[TimeControl "300+3"]

1. e4 d5 2. exd5 Nf6 3. Nc3 Nxd5 4. Bc4 Nb6 5. Bb3 c5 6. Nf3 c4 7. Ba4+ Nxa4
8. Nxa4 Nc6 9. O-O Bg4 10. h3 Bh5 11. d3 cxd3 12. cxd3 e6 13. Be3 Be7 14.
Rc1 O-O 15. d4 Bf6 16. Re1 Qa5 17. b3 Rfd8 18. Nc5 Nxd4 19. g4 Nf5 20. Qe2
Nxe3 21. Qxe3 Bg6 22. Nxb7 Qxa2 23. Nxd8 Rxd8 24. Rcd1 h5 25. Rxd8+ Bxd8 26.
gxh5 Bxh5 27. Ng5 Bb6 28. Qf4 Qa3 29. Rd1 Qe7 30. Qb8+ Qf8 31. Qxf8+ Kxf8
32. Ra1 Ke7 33. Kg2 f6 34. Ne4 e5 35. Kg3 Bf7 36. b4 Bd5 37. Nc3 Bb7 38. Na4
Bd4 39. Ra3 f5 40. Nc5 f4+ 41. Kg4 Bc8+ 42. Kg5 Bxf2 43. Rxa7+ Kd8 44. Rxg7
Bxh3 45. Rh7 Bg2 46. Nb7+ Kc8 47. Nd6+ Kb8 48. Kf5 Bd4 49. Rh8+ Kc7 50. Nb5+
Kb6 51. Nxd4 exd4 52. Rd8 f3 53. Rxd4 f2 54. Rd1 f1=Q+ 55. Rxf1 Bxf1 56. Ke4
Kb5 57. Kd4 Kxb4 {Game drawn because neither player has mating material}
1/2-1/2